[ AOE2 MATCH · #513600008 ]
UnrankedPersians vs Burmese
Player's team · WIN
Rival team · LOSS
[ REPLAY ANALYSIS · EXTRACTED FROM THE RECORDED GAME ]
Feudal
—
Castle
—
Imperial
—
| APM avg | 65.1 |
| APM peak | 106 |
| eAPM avg | 29.2 |
| Villagers / military | 35 / 0 |
Focus
⚔️ 32.4% · 🌾 67.6%
Feudal
15:15
Castle
—
Imperial
—
| APM avg | 43.2 |
| APM peak | 87 |
| eAPM avg | 18.0 |
| Villagers / military | 25 / 0 |
Focus
⚔️ 33.6% · 🌾 66.4%
Match map
Initial resources + every placement click. Lines = walls · curves = elevation contours. ◆ gold · ⬟ stone · ● berries · ✦ relic · ◌ wall gap
Your base· Open — unwalled flank
175409522's base· Open — unwalled flank
Smoothed initial terrain · ◌ = detected wall gap · hover for details
Inputs per minute
— mung bean cake - - 175409522
Build order — mung bean cake
57 actions detected in the replay
| 0:00 | Queue | Villager (Male) |
| 0:02 | Build | House |
| 0:04 | Build | House |
| 0:05 | Queue | Villager (Male) |
| 0:05 | Queue | Villager (Male) |
| 0:05 | Queue | Villager (Male) |
| 0:08 | Queue | Villager (Male) |
| 1:22 | Queue | Villager (Male) |
| 1:25 | Build | Lumber Camp |
| 2:18 | Queue | Villager (Male) |
| 2:33 | Queue | Villager (Male) |
| 2:33 | Queue | Villager (Male) |
| 2:45 | Build | House |
| 3:06 | Queue | Villager (Male) |
| 4:00 | Queue | Villager (Male) |
| 4:01 | Queue | Villager (Male) |
| 4:13 | Queue | Villager (Male) |
| 4:17 | Queue | Villager (Male) |
| 4:20 | Queue | Villager (Male) |
| 4:42 | Research | Loom |
| 4:43 | Queue | Villager (Male) |
| 4:51 | Queue | Villager (Male) |
| 5:07 | Queue | Villager (Male) |
| 5:45 | Build | Town Center |
| 6:02 | Build | House |
| 6:04 | Build | Palisade Wall |
| 6:05 | Build | Palisade Wall |
| 6:14 | Build | Palisade Wall |
| 6:16 | Build | Palisade Wall |
| 6:20 | Build | Palisade Wall |
| 7:16 | Queue | Villager (Male) |
| 7:17 | Queue | Villager (Male) |
| 7:17 | Queue | Villager (Male) |
| 9:02 | Build | Mill |
| 10:16 | Queue | Villager (Male) |
| 10:53 | Queue | Villager (Male) |
| 12:09 | Queue | Villager (Male) |
| 12:21 | Queue | Villager (Male) |
| 13:10 | Queue | Villager (Male) |
| 14:05 | Build | Town Center |
| 14:13 | Build | Palisade Gate |
| 14:22 | Build | Palisade Gate |
| 14:25 | Build | Palisade Wall |
| 14:28 | Build | Palisade Wall |
| 14:36 | Build | House |
| 15:04 | Queue | Villager (Male) |
| 15:05 | Queue | Villager (Male) |
| 15:07 | Queue | Villager (Male) |
| 15:54 | Build | House |
| 16:00 | Queue | Villager (Male) |
| 16:06 | Build | Mill |
| 16:38 | Queue | Villager (Male) |
| 17:27 | Queue | Villager (Male) |
| 17:50 | Queue | Villager (Male) |
| 17:57 | Build | House |
| 18:12 | Queue | Villager (Male) |
| 18:47 | Queue | Villager (Male) |
Build order — 175409522
41 actions detected in the replay
| 0:01 | Queue | Villager (Male) |
| 0:01 | Queue | Villager (Male) |
| 0:01 | Queue | Villager (Male) |
| 0:02 | Build | House |
| 0:07 | Build | House |
| 0:07 | Queue | Villager (Male) |
| 0:31 | Research | Loom |
| 0:43 | Queue | Villager (Male) |
| 0:43 | Queue | Villager (Male) |
| 0:43 | Queue | Villager (Male) |
| 1:33 | Queue | Villager (Male) |
| 2:34 | Queue | Villager (Male) |
| 2:34 | Queue | Villager (Male) |
| 2:53 | Queue | Villager (Male) |
| 2:54 | Queue | Villager (Male) |
| 3:05 | Queue | Villager (Male) |
| 3:12 | Queue | Villager (Male) |
| 3:28 | Build | Lumber Camp |
| 4:24 | Build | House |
| 4:26 | Queue | Villager (Male) |
| 5:01 | Queue | Villager (Male) |
| 5:02 | Queue | Villager (Male) |
| 5:02 | Queue | Villager (Male) |
| 5:12 | Queue | Villager (Male) |
| 6:13 | Queue | Villager (Male) |
| 6:42 | Queue | Villager (Male) |
| 8:29 | Queue | Villager (Male) |
| 8:55 | Build | House |
| 9:05 | Build | Mining Camp |
| 9:06 | Queue | Villager (Male) |
| 10:08 | Build | House |
| 10:59 | Build | Palisade Wall |
| 11:09 | Build | Palisade Wall |
| 11:12 | Build | Palisade Wall |
| 11:25 | Build | Town Center |
| 13:06 | Research | Feudal Age |
| 14:43 | Queue | Villager (Male) |
| 14:43 | Queue | Villager (Male) |
| 14:52 | Build | Barracks |
| 15:15 | Age | Feudal Age |
| 15:48 | Build | Mill |
Match timeline
| 6:04 | mung bean cake · wall_segment Palisade Wall x1 |
| 6:05 | mung bean cake · wall_segment Palisade Wall x1 |
| 6:14 | mung bean cake · wall_segment Palisade Wall x1 |
| 6:16 | mung bean cake · wall_segment Palisade Wall x1 |
| 6:20 | mung bean cake · wall_segment Palisade Wall x1 |
| 10:59 | 175409522 · wall_segment Palisade Wall x2 |
| 11:09 | 175409522 · wall_segment Palisade Wall x1 |
| 11:12 | 175409522 · wall_segment Palisade Wall x1 |
| 14:25 | mung bean cake · wall_segment Palisade Wall x1 |
| 14:28 | mung bean cake · wall_segment Palisade Wall x1 |
| 14:52 | 175409522 · first_building Barracks |
| 15:15 | 175409522 · age_up feudal |
| 18:49 | 175409522 · resign |
[ AI ANALYSIS · 1 CREDIT ]
What really happened in this match?
Wolo.gg analyzes every decision: build order, eco, micro, common mistakes by bracket. Personalized analysis on WhatsApp or Discord in 30 seconds.
Civ guide
Persians
Perfil
Jugador #12439770